MLB
PITTSBURGH PIRATES @ NEW YORK METS
09/13/2098
 
TOP OF THE 1ST
Pittsburgh Pirates batting - Pitching for New York Mets : RHP Stephen Straka
Pitching: RHP Stephen Straka
Batting: RHB Verner Johannsen 0-0: Foul Ball, location: 23F
0-1: Ball
1-1: Called Strike
1-2: Ball
2-2: Foul Ball, location: 2F
2-2: Ball
3-2: Ground out 5-3 (Groundball, 5S, EV 84.4 MPH)
Batting: RHB Randy Wilson 0-0: Ground out 4-3 (Groundball, 34, EV 93.1 MPH)
Batting: RHB Zachary Gugliotta 0-0: Ball
1-0: Foul Ball, location: 9LMF
1-1: Called Strike
1-2: Strikes out swinging
Top of the 1st over - 0 runs, 0 hits, 0 errors, 0 left on base; Pittsburgh 0 - New York 0
BOTTOM OF THE 1ST
New York Mets batting - Pitching for Pittsburgh Pirates : RHP Bobby Keever
Pitching: RHP Bobby Keever
Batting: RHB Jose de la Rosa 0-0: Called Strike
0-1: Ball
1-1: Fly out, F7 (Flyball, 7D, EV 109.4 MPH)
Batting: RHB Ryan Taylor 0-0: Foul Ball, location: 23F
0-1: Ball
1-1: Swinging Strike
1-2: Foul Ball, location: 9LMF
1-2: Strikes out swinging
Batting: RHB Jeff Hestermann 0-0: Ball
1-0: Swinging Strike
1-1: Foul Ball, location: 9LDF
1-2: Ball
2-2: Ball
3-2: Strikes out swinging
Bottom of the 1st over - 0 runs, 0 hits, 0 errors, 0 left on base; Pittsburgh 0 - New York 0
TOP OF THE 2ND
Pittsburgh Pirates batting - Pitching for New York Mets : RHP Stephen Straka
Batting: SHB Jamie Hoffman 0-0: Called Strike
0-1: Ground out 4-3 (Groundball, 4, EV 96.3 MPH)
Batting: RHB Carlos Flores 0-0: Foul Ball, location: 23F
0-1: Ball
1-1: Ball
2-1: Ground out 6-3 (Groundball, 6, EV 103.1 MPH)
Batting: LHB Todd Schuller 0-0: Called Strike
0-1: Ball
1-1: Ground out U3 (Groundball, 3, EV 91.3 MPH)
Top of the 2nd over - 0 runs, 0 hits, 0 errors, 0 left on base; Pittsburgh 0 - New York 0
BOTTOM OF THE 2ND
New York Mets batting - Pitching for Pittsburgh Pirates : RHP Bobby Keever
Batting: LHB Omar Gomez 0-0: Fly out, F3 (Popup, 3SF, EV 75.0 MPH)
Batting: SHB Curt Tolley 0-0: Ball
1-0: Ball
2-0: Ball
3-0: Called Strike
3-1: Ground out 4-3 (Groundball, 4, EV 78.1 MPH)
Batting: LHB Mike Thompson 0-0: Ball
1-0: DOUBLE (Groundball, 3L, EV 107.5 MPH)
Batting: RHB Marty Krpan 0-0: Fly out, F8 (Flyball, 8RXD, EV 108.8 MPH)
Bottom of the 2nd over - 0 runs, 1 hit, 0 errors, 1 left on base; Pittsburgh 0 - New York 0
TOP OF THE 3RD
Pittsburgh Pirates batting - Pitching for New York Mets : RHP Stephen Straka
Batting: RHB Alex Velazquez 0-0: Foul Ball, location: 3F
0-1: Called Strike
0-2: Ball
1-2: Ball
2-2: Ball
3-2: Fly out, F8 (Flyball, 8RD, EV 93.8 MPH)
Batting: RHB Bryan Dannemiller 0-0: Ball
1-0: Called Strike
1-1: Ball
2-1: Ground out 5-3 (Groundball, 56, EV 86.9 MPH)
Batting: RHB Jeremiah Coleman 0-0: Ball
1-0: Ball
2-0: Foul Ball, location: 2F
2-1: Ball
3-1: Ground out 6-3 (Groundball, 6, EV 76.3 MPH)
Top of the 3rd over - 0 runs, 0 hits, 0 errors, 0 left on base; Pittsburgh 0 - New York 0
BOTTOM OF THE 3RD
New York Mets batting - Pitching for Pittsburgh Pirates : RHP Bobby Keever
Batting: RHB Frank Cambrelen 0-0: Swinging Strike
0-1: Ball
1-1: Ball
2-1: Foul Ball, location: 2F
2-2: Foul Ball, location: 2F
2-2: Ground out 4-3 (Groundball, 4, EV 79.4 MPH)
Batting: RHB Nate Morrison 0-0: Ball
1-0: Called Strike
1-1: Called Strike
1-2: Ground out 5-3 (Groundball, 5S, EV 91.3 MPH)
Batting: RHB Jose de la Rosa 0-0: Ball
1-0: Ball
2-0: Ball
3-0: Base on Balls
Batting: RHB Ryan Taylor 0-0: Fielders Choice at 2nd, 6-4 (Groundball, 6, EV 88.1 MPH)
Bottom of the 3rd over - 0 runs, 0 hits, 0 errors, 1 left on base; Pittsburgh 0 - New York 0
TOP OF THE 4TH
Pittsburgh Pirates batting - Pitching for New York Mets : RHP Stephen Straka
Batting: RHB Verner Johannsen 0-0: Ground out 5-3 (Groundball, 56, EV 103.8 MPH)
Batting: RHB Randy Wilson 0-0: Foul Ball, location: 7LSF
0-1: Ball
1-1: Foul Ball, location: 9LSF
1-2: Foul Ball, location: 2F
1-2: Ground out 1-3 (Groundball, 15S, EV 75.0 MPH)
Batting: RHB Zachary Gugliotta 0-0: Called Strike
0-1: Foul Ball, location: 9LDF
0-2: Strikes out swinging
Top of the 4th over - 0 runs, 0 hits, 0 errors, 0 left on base; Pittsburgh 0 - New York 0
BOTTOM OF THE 4TH
New York Mets batting - Pitching for Pittsburgh Pirates : RHP Bobby Keever
Batting: RHB Jeff Hestermann 0-0: Ball
1-0: Ball
2-0: Foul Ball, location: 2F
2-1: Swinging Strike
2-2: Ball
3-2: Ground out 5-3 (Groundball, 56, EV 110.6 MPH)
Batting: LHB Omar Gomez 0-0: Called Strike
0-1: Fly out, F8 (Flyball, 8RD, EV 89.4 MPH)
Batting: SHB Curt Tolley 0-0: Ball
1-0: Ball
2-0: Ball
3-0: Base on Balls
Batting: LHB Mike Thompson 0-0: Called Strike
0-1: Called Strike
0-2: Ball
1-2: Strikes out looking
Bottom of the 4th over - 0 runs, 0 hits, 0 errors, 1 left on base; Pittsburgh 0 - New York 0
TOP OF THE 5TH
Pittsburgh Pirates batting - Pitching for New York Mets : RHP Stephen Straka
Batting: SHB Jamie Hoffman 0-0: Called Strike
0-1: Ball
1-1: Foul Ball, location: 2RF
1-2: Ball
2-2: Foul Ball, location: 25FF
2-2: Foul Ball, location: 23F
2-2: Ball
3-2: Base on Balls
Batting: RHB Carlos Flores 0-0: Foul Ball, location: 2F
0-1: Ball
1-1: Ball
2-1: Swinging Strike
2-2: Foul Ball, location: 2F
2-2: Ball
3-2: Base on Balls
Jamie Hoffman to second
Batting: LHB Todd Schuller 0-0: Ball
1-0: Fielders Choice at 2nd, 4-6 (Groundball, 4, EV 79.4 MPH)
Jamie Hoffman to third
Batting: RHB Alex Velazquez 0-0: Called Strike
0-1: Ball
1-1: Swinging Strike
1-2: Foul Ball, location: 7LMF
1-2: Ball
2-2: Strikes out swinging
Batting: RHB Bryan Dannemiller 0-0: Called Strike
0-1: SINGLE (Line Drive, 4MD, EV 103.1 MPH)
Jamie Hoffman scores
Todd Schuller to second
Batting: RHB Jeremiah Coleman 0-0: Ball
1-0: Called Strike
1-1: Ball
2-1: Fly out, F9 (Flyball, 9, EV 85.6 MPH)
Top of the 5th over - 1 run, 1 hit, 0 errors, 2 left on base; Pittsburgh 1 - New York 0
BOTTOM OF THE 5TH
New York Mets batting - Pitching for Pittsburgh Pirates : RHP Bobby Keever
Batting: RHB Marty Krpan 0-0: Called Strike
0-1: Foul Ball, location: 9LMF
0-2: Ball
1-2: Strikes out looking
Batting: RHB Frank Cambrelen 0-0: Ball
1-0: Foul Ball, location: 9LMF
1-1: Ground out 1-3 (Groundball, 13S, EV 68.8 MPH)
Batting: RHB Nate Morrison 0-0: Ball
1-0: Ground out 6-3 (Groundball, 6, EV 103.8 MPH)
Bottom of the 5th over - 0 runs, 0 hits, 0 errors, 0 left on base; Pittsburgh 1 - New York 0
TOP OF THE 6TH
Pittsburgh Pirates batting - Pitching for New York Mets : RHP Stephen Straka
Batting: RHB Verner Johannsen 0-0: Ball
1-0: Ball
2-0: Ball
3-0: Base on Balls
Batting: RHB Randy Wilson 0-0: Called Strike
0-1: Called Strike
0-2: Strikes out swinging
Batting: RHB Zachary Gugliotta 0-0: Ball
1-0: Foul Ball, location: 2F
1-1: Foul Ball, location: 2F
1-2: SINGLE (Groundball, 2L, EV 75.0 MPH) (infield hit)
Verner Johannsen to second
Batting: SHB Jamie Hoffman 0-0: Called Strike
0-1: Swinging Strike
0-2: Fly out, F5 (Line Drive, 5L, EV 70.0 MPH)
Batting: RHB Carlos Flores 0-0: Foul Ball, location: 2F
0-1: Fly out, F9 (Line Drive, 9S, EV 96.3 MPH)
Top of the 6th over - 0 runs, 1 hit, 0 errors, 2 left on base; Pittsburgh 1 - New York 0
BOTTOM OF THE 6TH
New York Mets batting - Pitching for Pittsburgh Pirates : RHP Bobby Keever
Batting: RHB Jose de la Rosa 0-0: Ball
1-0: Ground out 6-3 (Groundball, 6M, EV 93.1 MPH)
Batting: RHB Ryan Taylor 0-0: Ball
1-0: Called Strike
1-1: Ball
2-1: Ball
3-1: Called Strike
3-2: Base on Balls
Batting: RHB Jeff Hestermann 0-0: Called Strike
0-1: Ball
1-1: Ground out 4-3 (Groundball, 4MS, EV 65.6 MPH)
Ryan Taylor to second
Batting: LHB Omar Gomez 0-0: Ball
1-0: Swinging Strike
1-1: Ball
2-1: Foul Ball, location: 25F
2-2: 2-RUN HOME RUN (Flyball, 89XD, EV 112.5 MPH), Distance : 441 ft
Batting: SHB Curt Tolley 0-0: Called Strike
0-1: Ball
1-1: Foul Ball, location: 2F
1-2: Foul Ball, location: 2F
1-2: Strikes out swinging
Bottom of the 6th over - 2 runs, 1 hit, 0 errors, 0 left on base; Pittsburgh 1 - New York 2
TOP OF THE 7TH
Pittsburgh Pirates batting - Pitching for New York Mets : RHP Stephen Straka
Batting: LHB Todd Schuller 0-0: Swinging Strike
0-1: Ball
1-1: Ball
2-1: Ball
3-1: Foul Ball, location: 25FF
3-2: Foul Ball, location: 2F
3-2: Foul Ball, location: 2F
3-2: Strikes out looking
Batting: RHB Alex Velazquez 0-0: Called Strike
0-1: Foul Ball, location: 9LDF
0-2: Ball
1-2: Strikes out swinging
Batting: RHB Bryan Dannemiller 0-0: Ball
1-0: Ball
2-0: Fly out, F9 (Flyball, 9D, EV 87.5 MPH)
Top of the 7th over - 0 runs, 0 hits, 0 errors, 0 left on base; Pittsburgh 1 - New York 2
BOTTOM OF THE 7TH
New York Mets batting - Pitching for Pittsburgh Pirates : RHP Bobby Keever
Batting: LHB Mike Thompson 0-0: Ball
1-0: Ball
2-0: Foul Ball, location: 25F
2-1: Ball
3-1: Base on Balls
Batting: RHB Marty Krpan 0-0: Called Strike
0-1: Ball
1-1: Swinging Strike
1-2: Ball
2-2: Foul Ball, location: 2F
2-2: Strikes out swinging
Pitching: LHP Jo Sealy
Batting: RHB Frank Cambrelen 0-0: Grounds into double play, 5-4-3 (Groundball, 25, EV 84.4 MPH)
Bottom of the 7th over - 0 runs, 0 hits, 0 errors, 0 left on base; Pittsburgh 1 - New York 2
TOP OF THE 8TH
Pittsburgh Pirates batting - Pitching for New York Mets : RHP Stephen Straka
Pitching: RHP Santiago Rodriguez
Batting: RHB Jeremiah Coleman 0-0: Called Strike
0-1: Foul Ball, location: 25F
0-2: Ball
1-2: Foul Ball, location: 9LMF
1-2: Ball
2-2: Strikes out swinging
Batting: RHB Verner Johannsen 0-0: Fly out, F9 (Flyball, 9S, EV 90.0 MPH)
Batting: RHB Randy Wilson 0-0: Called Strike
0-1: SINGLE (Groundball, 6D, EV 103.8 MPH)
Batting: RHB Zachary Gugliotta 0-0: Ball
1-0: Swinging Strike
1-1: Foul Ball, location: 3DF
1-2: Foul Ball, location: 9LMF
1-2: Fly out, F7 (Flyball, 7, EV 88.8 MPH)
Top of the 8th over - 0 runs, 1 hit, 0 errors, 1 left on base; Pittsburgh 1 - New York 2
BOTTOM OF THE 8TH
New York Mets batting - Pitching for Pittsburgh Pirates : LHP Jo Sealy
Batting: RHB Nate Morrison 0-0: Ground out 2-3 (Groundball, 2L, EV 76.9 MPH)
Batting: RHB Jose de la Rosa 0-0: Ball
1-0: Fly out, F8 (Flyball, 8RD, EV 89.4 MPH)
Batting: RHB Ryan Taylor 0-0: Called Strike
0-1: Ball
1-1: Ball
2-1: Ball
3-1: Foul Ball, location: 2F
3-2: Strikes out swinging
Bottom of the 8th over - 0 runs, 0 hits, 0 errors, 0 left on base; Pittsburgh 1 - New York 2
TOP OF THE 9TH
Pittsburgh Pirates batting - Pitching for New York Mets : RHP Santiago Rodriguez
Pitching: RHP Luis Manzano
Now at 1B: Jeff Hestermann
Now at 2B: Ben Keyser
Now at SS: Cesar Oropeza
Now in LF: Mark Lamb
Batting: SHB Jamie Hoffman 0-0: Ball
1-0: Foul Ball, location: 5DF
1-1: DOUBLE (Line Drive, 5D, EV 101.3 MPH)
Batting: RHB Carlos Flores 0-0: Ball
1-0: Ball
2-0: Called Strike
2-1: Ground out 6-3 (Groundball, 6, EV 81.3 MPH)
Batting: LHB Todd Schuller 0-0: Foul Ball, location: 2F
0-1: Ball
1-1: Called Strike
1-2: Ball
2-2: SINGLE (Line Drive, 89S, EV 98.1 MPH)
Jamie Hoffman to third
Pitching: LHP Andy Anderson
Batting: RHB Alex Velazquez 0-0: Ball
1-0: Ball
2-0: Called Strike
2-1: Ball
3-1: Base on Balls
Todd Schuller to second
Batting: RHB Bryan Dannemiller 0-0: Grounds into fielders choice 6-2 (Groundball, P, EV 85.0 MPH)
Todd Schuller to third
Alex Velazquez to second
Pinch Hitting: SHB Nick Stiles 0-0: Fly out, F5 (Line Drive, 56, EV 71.3 MPH)
Top of the 9th over - 0 runs, 2 hits, 0 errors, 3 left on base; Pittsburgh 1 - New York 2
Sunday, April 14th , 2024 - OOTP Baseball 24.11 Build 85